 Dungeon Crawl Stone Soup version 0.19.0-11-g3fc08b3 (webtiles) character file.

53 KarmaPolice the Bolt Thrower (level 4, -1/30 HPs)
             Began as a Halfling Hunter on Nov 9, 2016.
             Slain by an adder (2 damage)
             ... on level 2 of the Dungeon.
             The game lasted 00:03:19 (2354 turns).

KarmaPolice the Bolt Thrower (Halfling Hunter)      Turns: 2354, Time: 00:03:20

Health: -1/30      AC:  3    Str: 18    XL:     4   Next: 10%
Magic:  4/4        EV: 14    Int: 14    God:
Gold:   134        SH:  0    Dex: 15    Spells: 0 memorised, 3 levels left

rFire  . . .     SeeInvis .     b - +0 short sword
rCold  . . .     Gourm    .     c - +0 leather armour
rNeg   . . .     Faith    .     (shield restricted)
rPois  .         Spirit   .     (no helmet)
rElec  .         Reflect  .     (no cloak)
rCorr  .         Harm     .     (no gloves)
MR     .....                    (no boots)
Stlth  ++........               (no amulet)
                                (no ring)
                                (no ring)

@: mighty, brilliant, lethally poisoned (-1 -> -14)
A: mutation resistance 1
a: no special abilities


You were on level 2 of the Dungeon.
You were not hungry.

You visited 1 branch of the dungeon, and saw 2 of its levels.

You collected 134 gold pieces.

Inventory:

Hand Weapons
 a - a +1 hand crossbow
 b - a +0 short sword (weapon)
Missiles
 d - 19 bolts
Armour
 c - a +0 leather armour (worn)
Jewellery
 s - an uncursed ring of flight {unknown}
Scrolls
 e - a scroll of enchant armour {unknown}
 i - a scroll of remove curse {unknown}
 j - 3 scrolls of fog {unknown}
 m - 2 scrolls of identify {unknown}
 p - a scroll of noise {unknown}
Potions
 l - a potion of cure mutation {unknown}
 n - a potion of agility {unknown}
 q - a potion of might
Comestibles
 f - a bread ration
 g - 2 beef jerkies
 k - 5 meat rations
 o - a slice of pizza
 r - 2 chunks of flesh


   Skills:
 + Level 2.5 Fighting
 + Level 2.1 Short Blades
 + Level 4.9 Crossbows
 - Level 2.1 Dodging
 - Level 1.1 Stealth


You had 3 spell levels left.
You didn't know any spells.

Dungeon Overview and Level Annotations

Branches:
Dungeon (2/15)

Altars:


Innate Abilities, Weirdness & Mutations

You are small and have problems with some larger weapons.
You are somewhat resistant to further mutation.


Message History

You feel sick. The adder completely misses you.
The adder bites you but does no damage.
You hit the adder but do no damage.
The adder is almost dead.
* * * LOW HITPOINT WARNING * * *
You feel sick. The adder bites you.
* * * LOW HITPOINT WARNING * * *
You barely miss the adder.
The adder is almost dead.
* * * LOW HITPOINT WARNING * * *
You feel sick. The adder bites you but does no damage.
It was a potion of might.
You feel very mighty all of a sudden.
* * * LOW HITPOINT WARNING * * *
You feel sick. The adder closely misses you. x2
It was a potion of brilliance.
You feel clever all of a sudden.
* * * LOW HITPOINT WARNING * * *
You feel sick. The adder bites you.
You die...

#......#.# #.....#.# #....# #...
#......#.#####.###.# #....######
#......#...........# #....'.....
#......#######.#######....######
#......#.......###............#
#.....(#########........#####.#
##.......................# #.#
.'.....#########.........# #.#
##.....# #@........# #.# #)....#
###.S.......# #.# #.....#
#...........# #.#
##'##########.#.........# #.#
###.#..........####........
..#.#.#######...............
#.#.#.#####.#.###############
....#.......#...............#
#.#########.###############.#####


You could see an adder.

Vanquished Creatures
  An adder (D:2)
  A worm (D:2)
  A dart slug (D:1)
  2 leopard geckos (D:1)
  9 bats
  A giant cockroach (D:1)
  6 goblins
  3 hobgoblins
  A ball python (D:2)
  2 frilled lizards (D:2)
  6 kobolds
  5 rats (D:2)
38 creatures vanquished.

Notes
Turn   | Place    | Note
-------+----------+-------------------------------------------
     0 | D:1      | KarmaPolice the Halfling Hunter began the quest for the Orb.
     0 | D:1      | Reached XP level 1. HP: 14/14 MP: 1/1
   233 | D:1      | Reached XP level 2. HP: 14/19 MP: 2/2
   891 | D:1      | Reached skill level 1 in Short Blades
  1195 | D:1      | Reached XP level 3. HP: 24/24 MP: 3/3
  2062 | D:2      | Reached XP level 4. HP: 27/30 MP: 4/4
  2354 | D:2      | HP: 1/30 [poisoned by an adder]
  2354 | D:2      | Slain by an adder

Skill      XL: |  1  2  3 |
---------------+----------+-----
Fighting       | 2 |  2.5
Short Blades   | 1 2 |  2.1
Crossbows      | |  4.9
Dodging        | |  2.1
Stealth        | |  1.1

Action                   |  1- 3 |  4- 6 || total
-------------------------+-------+-------++-------
Melee: Short sword       |   136 |    23 ||   159
 Fire: Hand crossbow     |     4 |       ||     4
  Use: Potion            |       |     2 ||     2
 Stab: Sleeping          |       |     1 ||     1
  Eat: Chunk             |     3 |     2 ||     5
Armor: Leather armour    |    57 |     6 ||    63
Dodge: Dodged            |   125 |    18 ||   143
